 Dungeon Crawl Stone Soup version 0.28-a0-793-g31680bbd8b (webtiles) character file.

Game seed: 10194800437833074503

81 jasper the Stinger (level 4, -12/30 HPs)
             Began as a Demonspawn Venom Mage on Nov 5, 2021.
             Killed by divine providence
             ... invoked by an orc priest
              (17 damage)
             ... on level 2 of the Dungeon.
             The game lasted 00:03:10 (2764 turns).

jasper the Stinger (Demonspawn Venom Mage)          Turns: 2764, Time: 00:03:10

Health: -12/30     AC:  4    Str:  8    XL:     4   Next: 20%
Magic:  0/7        EV: 12    Int: 18    God:
Gold:   100        SH:  0    Dex: 13    Spells: 2/7 levels left

rFire   . . .      SeeInvis +   f - +1 dagger (venom)
rCold   . . .      Faith    .   (no shield)
rNeg    . . .      Spirit   .   a - +0 robe
rPois   .          Reflect  .   (no helmet)
rElec   .          Harm     .   (no cloak)
rCorr   .          Rampage  .   (no gloves)
Will    .....                   (no boots)
Stlth   ++........              (no amulet)
HPRegen 0.10/turn               h - ring of see invisible
MPRegen 0.10/turn               (no ring)

@: no status effects
A: yellow scales 1, foul stench 1, demonic touch 1
a: no special abilities


You were on level 2 of the Dungeon.
You visited 1 branch of the dungeon, and saw 3 of its levels.

You collected 100 gold pieces.

Inventory:

Hand Weapons
 c - a +2 dagger of freezing
 f - a +1 dagger of venom (weapon)
Armour
 a - a +0 robe (worn)
Jewellery
 h - a ring of see invisible (left hand)
Scrolls
 b - a scroll of amnesia
 g - 3 scrolls of teleportation
Potions
 d - a potion of flight


   Skills:
 - Level 1.7 Dodging
 - Level 1.7 Stealth
 - Level 2.0 Spellcasting
 - Level 0.8 Transmutations
 + Level 5.1 Poison Magic


You had 2 spell levels left.
You knew the following spells:

 Your Spells              Type           Power      Damage    Failure   Level
a - Sting                 Tmut/Pois      48%        1d5       5%          1
b - Olgreb's Toxic Radia  Pois           20%        N/A       22%         4

Your spell library contained the following spells:

 Spells                   Type           Power      Damage    Failure   Level
 Poisonous Vapours        Pois/Air       22%        N/A       10%         2
 Ensorcelled Hibernation  Hex/Ice        2%         N/A       26%         2
 Mephitic Cloud           Conj/Pois/Air  7%         N/A       26%         3
 Tukima's Dance           Hex            1%         N/A       47%         3


Dungeon Overview and Level Annotations

Branches:
Dungeon (3/15)

Altars:
Qazlal

Annotations:
D:3 Grinder


Innate Abilities, Weirdness & Mutations

You are partially covered in yellow scales. (AC +2)
You may rarely emit foul miasma when damaged in melee.
Your touch may inflict minor irresistible damage on your foes.


Message History

The jackal barks!
The orc priest barely misses you.
You now have 4/7 mp.
Aiming: Sting (safe; 5% risk of failure)
Press: ? - help, Q - select action Shift-Dir - straight line, f/p - orc priest
Aim: an orc priest, wielding a +0 flail (moderately wounded, very poisoned, 71% to hit)
The sting hits the orc priest.
The orc priest looks even sicker.
The orc priest is moderately wounded.
The orc priest hits you with a +0 flail!
You take 10 damage, and have 20/30 hp.
MASSIVE DAMAGE!!
You now have 3/7 mp.
Aiming: Sting (safe; 5% risk of failure)
Press: ? - help, Q - select action Shift-Dir - straight line, f/p - orc priest
Aim: an orc priest, wielding a +0 flail (heavily wounded, very poisoned, 71% to hit)
The sting misses the orc priest.
The orc priest mumbles some strange prayers to Beogh against you.
Beogh smites you!
* * * LOW HITPOINT WARNING * * *
The jackal bites you but does no damage.
You take 11 damage, and have 9/30 hp.
MASSIVE DAMAGE!!
You now have 2/7 mp.
Aiming: Sting (safe; 5% risk of failure)
Press: ? - help, Q - select action Shift-Dir - straight line, f/p - orc priest
Aim: an orc priest, wielding a +0 flail (severely wounded, very poisoned, 71% to hit)
The sting misses the orc priest.
The jackal bites you but does no damage.
The orc priest hits you with a +0 flail.
* * * LOW HITPOINT WARNING * * *
You take 4 damage, and have 5/30 hp.
You now have 1/7 mp.
Okay, then.
Okay, then.
Aiming: Sting (safe; 5% risk of failure)
Press: ? - help, Q - select action Shift-Dir - straight line, f/p - orc priest
Aim: an orc priest, wielding a +0 flail (almost dead, very poisoned, 71% to hit)
The sting hits the orc priest but does no damage.
The orc priest looks as sick as possible!
The orc priest is almost dead.
The jackal closely misses you.
The orc priest mumbles some strange prayers to Beogh against you.
Beogh smites you!
Ouch! That really hurt!
You die...

#..# #####... #.##
##.. ##.# #..
#..## #..
##..########..
##..#.......#
##...#.....#
########..##.#####
#@h........#.#
#o.....###.#.#
#......# #...####
#......# #...<..#
#......###..###.##
#......#..<.# #...
#...........# ####
#......#....#
########....#


You could see an orc priest (extremely poisoned) and a jackal.

Vanquished Creatures
  A gnoll (D:2)
  3 adders (D:2)
  3 ball pythons
  7 bats
  2 endoplasms (D:1)
  A giant cockroach (D:2)
  3 goblins (D:1)
  4 hobgoblins
  5 jackals (D:2)
  3 kobolds (D:1)
  3 quokkas (D:1)
  2 frilled lizards (D:2)
  5 rats
42 creatures vanquished.

Notes
Turn   | Place    | Note
-------+----------+-------------------------------------------
     0 | D:1      | jasper the Demonspawn Venom Mage began the quest for the
                  | Orb.
     0 | D:1      | Reached XP level 1. HP: 13/13 MP: 3/3
   214 | D:1      | Gained mutation: Your touch may inflict minor irresistible
                  | damage on your foes. [demonic ancestry]
   214 | D:1      | Reached XP level 2. HP: 19/19 MP: 3/5
   591 | D:1      | Reached skill level 4 in Poison Magic
  1105 | D:1      | Found a faded altar of an unknown god.
  1554 | D:2      | Gained mutation: You are partially covered in yellow
                  | scales. (AC +2) [demonic ancestry]
  1554 | D:2      | Reached XP level 3. HP: 22/24 MP: 2/6
  2372 | D:3      | Noticed Grinder
  2406 | D:2      | Reached skill level 5 in Poison Magic
  2406 | D:2      | Gained mutation: You may rarely emit foul miasma when
                  | damaged in melee. [demonic ancestry]
  2406 | D:2      | Reached XP level 4. HP: 13/30 MP: 0/7
  2411 | D:2      | Learned a level 4 spell: Olgreb's Toxic Radiance
  2751 | D:3      | Found a stormy altar of Qazlal.
  2764 | D:2      | Killed from afar by an orc priest

Illustrated notes

Levels and vault maps discovered:
D:1:      lightli_arrival_noodles, layout_loops_cross,
          dreamdust_ecumenical_altar_statues
D:2:      layout_rooms
D:3:      layout_rooms, nicolae_overflow_crystal_walls,
          mainiacjoe_overflow_concentric_impassable, general_overflow_altar,
          marbit_many_paths, uniq_grinder

Skill      XL: |  1  2  3 |
---------------+----------+-----
Poison Magic   | 4 5 |  5.1
Dodging        | |  1.7
Stealth        | |  1.7
Spellcasting   | |  2.0
Transmutations | |  0.8

Action                   |  1- 3 |  4- 6 || total
-------------------------+-------+-------++-------
Melee: Dagger            |    24 |     5 ||    29
       Touch             |     3 |       ||     3
 Cast: Sting             |    64 |    18 ||    82
  Use: Scroll            |     7 |       ||     7
Armor: Robe              |    12 |     9 ||    21
Dodge: Dodged            |    35 |    11 ||    46

Table legend: (Time is in decaauts)
 A = Elapsed time spent in this place.
 B = Non-inter-level travel time spent in this place.
 C = Inter-level travel time spent in this place.
 D = Time resting spent in this place.
 E = Time spent auto-exploring this place.
 F = Levels seen in this place.
 G = Mean time per level.
                   A        B        C        D        E       F      G
               +--------+--------+--------+--------+--------+-----+--------+
         Total |   2763 |   2671 |     92 |    553 |   1782 |   3 |  921.0 |
       Dungeon |   2763 |   2671 |     92 |    553 |   1782 |   3 |  921.0 |
               +--------+--------+--------+--------+--------+-----+--------+

Top non-repeatable levels by time:
     D:1: 1452 daAuts
     D:2: 1115 daAuts
     D:3: 196 daAuts
